AoeStats
← Taiwan_Yan

Arabia

508842826Analyzed
1v1 RM · 8d ago on Sep 24, 2026· 46m 43s· 2 players
Game mode
Random Map
Map size
Tiny (2 player)
Population
200
Speed
Normal
Resources
Standard
Victory
Conquest
Starting age
Dark Age
Ending age
Imperial Age
RankedLock teamsTeams togetherTeam positionsShared explorationLock speedFull tech treeHidden civsTurbo modeCheats
Victory
Defeat
🇹🇼 Poles · Taiwan
1017
+17
🇩🇪 Franks · Germany
1030
-17
Taiwan_Yan
7:03 Loom
9:15 Feudal Age
10:44 Double-Bit Axe
11:41 Horse Collar
17:37 Bloodlines
19:20 Wheelbarrow
20:06 Town Watch
23:34 Castle Age
24:32 Bow Saw
24:27 Light Cavalry
25:07 Husbandry
25:46 Heavy Plow
25:36 Town Watch
26:18 Fletching
26:34 Scale Barding Armor
30:03 Forging
31:29 Iron Casting
32:53 Chain Barding Armor
32:17 Pikeman
40:23 Imperial Age
37:56 Gold Mining
38:55 Hand Cart
39:19 Town Patrol
39:58 Bodkin Arrow
40:00 Murder Holes
41:37 Squires
42:10 Conscription
43:33 Blast Furnace
42:34 Bracer
44:26 Scale Mail Armor
kischde
5:29 Loom
9:58 Feudal Age
11:06 Double-Bit Axe
22:34 Wheelbarrow
25:07 Castle Age
25:00 Town Watch
26:01 Scale Barding Armor
26:43 Bow Saw
26:58 Husbandry
29:28 Chain Barding Armor
30:06 Forging
30:03 Gold Mining
36:11 Imperial Age
38:47 Iron Casting
38:50 Plate Barding Armor
38:50 Cavalier
Connection lost

Rejoining the realm…

Still unreachable

The connection could not be restored.

Session expired

The server has moved on; the page needs a fresh start.